 Dungeon Crawl Stone Soup version 0.31.0-32-g396128a36d (webtiles) character file.

Game seed: 12894979633219791425

3623 PaiMei the Merchant of Misery (level 9, -9/106 HPs)
             Began as a Demonspawn Necromancer on Mar 25, 2024.
             Was a Believer of Kikubaaqudgha.
             Mangled by an ice devil (12 damage)
             ... on level 7 of the Dungeon.
             The game lasted 00:11:57 (10240 turns).

PaiMei the Merchant of Misery (DsNe)               Turns: 10240, Time: 00:11:58

Health: -9/106     AC: 14    Str:  9    XL:     9   Next: 87%
Magic:  17/19      EV: 15    Int: 25    God:    Kikubaaqudgha [**....]
Gold:   390        SH:  0    Dex: 20    Spells: 4/21 levels left

rFire   . . .        J - +4 flail (protect)
rCold   . . .        (no shield)
rNeg    . . .        h - +0 leather armour
rPois   .            u - +0 helmet
rElec   .            s - +0 cloak
rCorr   .            K - +0 pair of gloves
SInv    .            q - +0 pair of boots
Will    .....        (no amulet) Stlth
                     d - +6 ring of intelligence
HPRegen 0.37/turn    x - +6 ring of dexterity
MPRegen 0.16/turn

%: no passive effects
@: berserking, under a protective aura, animating dead, very quick
A: hooves 2, powered by death 1, weakness stinger 1, demonic touch 2
a: Renounce Religion, Unearth Wretches


You were on level 7 of the Dungeon.
You worshipped Kikubaaqudgha.
Kikubaaqudgha was pleased with you.
You visited 2 branches of the dungeon, and saw 8 of its levels.

You collected 390 gold pieces.

Inventory:

Hand Weapons
 J - a +4 flail of protection (weapon)
Missiles
 e - 39 poisoned darts
 m - 2 atropa-tipped darts (quivered)
 B - 2 throwing nets
Armour
 g - a scarf of harm
 h - a +0 leather armour (worn)
 q - a +0 pair of boots (worn)
 s - a +0 cloak (worn)
 u - a +0 helmet (worn)
 E - a +0 kite shield
 K - a +0 pair of gloves (worn)
Jewellery
 d - a +6 ring of intelligence (left hand)
 f - a ring of see invisible
 n - a ring of fire
 x - a +6 ring of dexterity (right hand)
 F - an amulet of faith
Wands
 a - a wand of polymorph (4)
 H - a wand of roots (12)
Scrolls
 c - 10 scrolls of identify {unknown}
 o - a scroll of brand weapon {unknown}
 p - 4 scrolls of teleportation {unknown}
 y - a scroll of noise {unknown}
 z - a scroll of fear {unknown}
 A - a scroll of vulnerability {unknown}
 D - a scroll of revelation {unknown}
 I - a scroll of amnesia {unknown}
 L - a scroll of fog {unknown}
Potions
 b - a potion of magic
 i - a potion of curing {unknown}
 j - a potion of berserk rage
 k - 2 potions of lignification {unknown}
 l - a potion of attraction {unknown}
 r - a potion of degeneration {unknown}
 t - a potion of enlightenment {unknown}
 v - a potion of haste {unknown}
 w - a potion of might {unknown}
 C - a potion of heal wounds {unknown}
 G - a potion of cancellation {unknown}


   Skills:
 + Level 6.9 Fighting
 + Level 6.7 Dodging
 - Level 2.0 Stealth
 + Level 6.8 Spellcasting
 + Level 8.9 Necromancy


You had 4 spell levels left.
You knew the following spells:

 Your Spells              Type           Power      Damage    Failure   Level
a - Necrotise             Necr           100%       1d9       1%          1
b - Vampiric Draining     Necr           52%        2d9       1%          3
c - Animate Dead          Necr           52%        N/A       2%          4
d - Curse of Agony        Necr           52%        N/A       7%          5
e - Dispel Undead         Necr           52%        3d19      2%          4

Your spell library contained the following spells:

 Spells                   Type           Power      Damage    Failure   Level
 Kiss of Death            Conj/Necr      100%       2d13      1%          1
 Fugue of the Fallen      Necr           52%        N/A       1%          3
 Cigotuvi's Dreadful Rot  Necr/Alch/Air  46%        N/A       4%          2
 Ensorcelled Hibernation  Hex/Ice        16%        N/A       14%         2
 Anguish                  Hex/Necr       15%        N/A       16%         4
 Martyr's Knell           Necr/Summ      31%        N/A       16%         4
 Death Channel            Necr           26%        N/A       36%         6


Dungeon Overview and Level Annotations

Branches:
Dungeon (7/15)             Temple (1/1) D:5

Altars:
Ashenzari
Cheibriados
Fedhas
Gozag
Hepliaklqana
Kikubaaqudgha
Makhleb
Nemelex Xobeh
Okawaru
Qazlal
Ru
Trog
Uskayaw
Vehumet
Xom
Yredelemnul

Shops:
D:5 [

Annotations:
D:6 3 runed translucent doors, safid's ghost, novice DrSh


Innate Abilities, Weirdness & Mutations

You have hoof-like feet.
You regenerate a little health from kills.
You have a small tail.
Your touch may inflict irresistible damage on your foes.


Message History

The ice devil is lightly wounded.
The ice devil barely misses you.
You hit the ice devil but do no damage. You tail-slap the ice devil.
You touch the ice devil!
The ice devil is moderately wounded.
The ice devil barely misses you.
You sock the ice devil!
Your tail-slap misses the ice devil.
Your touch misses the ice devil.
The ice devil is severely wounded.
The ice devil hits you but does no damage.
The ice devil hits you! The ice devil freezes you!
You hit the ice devil.
The ice devil is severely wounded.
The ice devil hits you. The ice devil freezes you!
* * * LOW HITPOINT WARNING * * *
You barely miss the ice devil.
The ice devil is severely wounded.
The ice devil closely misses you. The ice devil hits you.
* * * LOW HITPOINT WARNING * * *
The ice devil freezes you!
* * * LOW HITPOINT WARNING * * *
You hit the ice devil but do no damage.
You tail-slap the ice devil, but do no damage.
The ice devil is severely wounded.
The ice devil hits you but does no damage.
It was a potion of berserk rage.
A red film seems to cover your vision as you go berserk!
You feel yourself moving faster!
You feel mighty! The ice devil closely misses you.
There are monsters nearby!
You barely miss the ice devil.
Your tail-slap misses the ice devil.
The ice devil is severely wounded.
The ice devil barely misses you.
You hit the ice devil. Your touch misses the ice devil.
The ice devil is severely wounded.
The ice devil hits you.
* * * LOW HITPOINT WARNING * * *
The ice devil freezes you!
You die...
Kikubaaqudgha rasps: "You have failed me!
Welcome... death!"

### ### ### #<#
#.#####.# #.#
#...54@.# #.#
#.#####.# #.#
#.#.....# #.#
#.#.####### #.#
#.#......<#
##.########.#########
.......))..........
##.#..#####.#######
#.##.## #.#######


You could see an ice devil and a white imp.

Vanquished Creatures
  Pikel (D:7)
  Joseph (D:7)
  Sigmund (D:6)
  A water moccasin (D:7)
  A sky beast (D:7)
  2 ogres (D:6)
  A black bear (D:7)
  2 ice beasts
  A lemure (D:7)
  3 centaurs
  2 phantoms (D:7)
  Blork the orc (D:4)
  2 kobold brigands
  4 bullfrogs
  A gnoll sergeant (D:5)
  2 scorpions
  A wight (D:6)
  An electric eel (D:6)
  A howler monkey (D:4)
  2 jellies (D:5)
  5 hounds
  A gnoll bouda (D:6)
  3 orc priests
  4 orc wizards
  4 iguanas
  A sleepcap (D:5)
  Robin (D:3)
  7 gnolls
  14 adders
  2 white imps
  A dart slug (D:2)
  2 ribbon worms (D:4)
  17 orcs
  5 endoplasms
  4 giant cockroaches
  8 hobgoblins
  4 jackals (D:1)
  3 quokkas
  7 ball pythons
  4 bats
  A frilled lizard (D:1)
  13 goblins
  15 kobolds
  2 rats (D:1)
159 creatures vanquished.

Vanquished Creatures (collateral kills)
  A goblin (D:2)
  2 ball pythons (D:2)
  A bat (D:1)
4 creatures vanquished.

Grand Total: 163 creatures vanquished

Notes
Turn   | Place    | Note
-------+----------+-------------------------------------------
     0 | D:1      | PaiMei the Demonspawn Necromancer began the quest for the
                  | Orb.
     0 | D:1      | Reached XP level 1. HP: 13/13 MP: 3/3
   742 | D:1      | Discovered your monstrous ancestry.
   742 | D:1      | Gained mutation: You have large cloven feet. [demonic
                  | ancestry]
   742 | D:1      | Reached XP level 2. HP: 19/19 MP: 1/5
  1297 | D:2      | Gained mutation: You have a small tail. [demonic ancestry]
  1297 | D:2      | Reached XP level 3. HP: 16/25 MP: 1/6
  1738 | D:2      | Reached skill level 1 in Fighting
  2082 | D:3      | Reached XP level 4. HP: 32/32 MP: 3/7
  2492 | D:3      | Noticed Robin
  2600 | D:3      | Killed Robin
  2601 | D:3      | Reached skill level 5 in Necromancy
  2977 | D:4      | Noticed Blork the orc
  3095 | D:3      | Learned a level 3 spell: Vampiric Draining
  3277 | D:4      | Reached XP level 5. HP: 38/38 MP: 3/9
  3682 | D:4      | Gained mutation: You have hoof-like feet. [demonic
                  | ancestry]
  3682 | D:4      | Reached XP level 6. HP: 46/46 MP: 1/11
  4220 | D:4      | Killed Blork the orc
  4881 | D:5      | Entered Level 5 of the Dungeon
  5068 | D:5      | Noticed an ice beast
  5072 | D:5      | Killed an ice beast
  5073 | D:5      | Gained mutation: Your touch may inflict minor irresistible
                  | damage on your foes. [demonic ancestry]
  5073 | D:5      | Reached XP level 7. HP: 52/52 MP: 1/12
  5188 | D:5      | Reached skill level 6 in Necromancy
  5286 | D:5      | Found a staircase to the Ecumenical Temple.
  5293 | Temple   | Entered the Ecumenical Temple
  5361 | Temple   | Became a worshipper of Kikubaaqudgha
  5436 | D:5      | Learned a level 4 spell: Animate Dead
  5441 | D:5      | Learned a level 4 spell: Dispel Undead
  5960 | D:5      | Found a sacrificial altar of Ru.
  6321 | D:5      | Found Nenich's Armour Shop.
  6433 | D:6      | Noticed Sigmund
  6439 | D:6      | Killed Sigmund
  6440 | D:6      | Gained mutation: Your touch may inflict irresistible damage
                  | on your foes. [demonic ancestry]
  6440 | D:6      | Reached XP level 8. HP: 61/61 MP: 7/15
  6798 | D:6      | Reached skill level 5 in Spellcasting
  6798 | D:6      | Reached skill level 7 in Necromancy
  6911 | D:6      | Reached skill level 5 in Dodging
  6930 | D:6      | Reached skill level 5 in Fighting
  7291 | D:6      | Found a burning altar of Makhleb.
  7300 | D:6      | Reached * piety under Kikubaaqudgha
  7300 | D:6      | Received a gift from Kikubaaqudgha
  7565 | D:6      | Found a runed translucent gate.
  7565 | D:6      | Found a runed translucent gate.
  7565 | D:6      | Found a runed translucent gate.
  7566 | D:6      | Noticed safid's ghost (novice DrSh)
  8889 | D:6      | Learned a level 5 spell: Curse of Agony
  8929 | D:7      | Noticed Pikel
  8941 | D:7      | Killed Pikel
  8942 | D:7      | Reached skill level 8 in Necromancy
  8942 | D:7      | Gained mutation: You regenerate a little health from kills.
                  | [demonic ancestry]
  8942 | D:7      | Reached XP level 9. HP: 47/69 MP: 7/18
  9189 | D:7      | Noticed Joseph
  9205 | D:7      | Killed Joseph
  9962 | D:7      | Reached ** piety under Kikubaaqudgha
 10202 | D:7      | Noticed an ice devil
 10205 | D:7      | Noticed an ice devil
 10240 | D:7      | HP: 3/106 [ice devil (6)]
 10240 | D:7      | Mangled by an ice devil

Illustrated notes

Levels and vault maps discovered:
D:1:      erik_arrival_orb_chamber, layout_basic
D:2:      layout_rooms
D:3:      layout_loops_ring, uniq_robin
D:4:      wad_river_or_something, layout_loops_ring, uniq_blork_the_orc
D:5:      layout_loops_ring, mainiacjoe_overflow_cross_hatched,
          minmay_temple_entry_junction, serial_shops, kennysheep_mini
D:6:      layout_layer_cave, mainiacjoe_overflow_alcove_2, serial_bayou,
          serial_bayou_pond_c, serial_bayou_pond_b, serial_bayou_crossing,
          serial_bayou_pond_e, gammafunk_ghost_necromancy, uniq_sigmund
D:7:      layout_basic, hellmonk_guarded_unrand_frostbite, uniq_joseph,
          uniq_pikel
Temple:   minmay_temple_bridge_d

Skill      XL: |  1  2  3  4  5  6  7  8  9 |
---------------+----------------------------+-----
Stealth        | 2 |  2.0
Dodging        | 2 3 4 5 6 |  6.7
Fighting       | 1 2 3 4 6 |  6.9
Necromancy     | 5 6 8 |  8.9
Spellcasting   | 3 4 6 |  6.8

Action                     |  1- 3 |  4- 6 |  7- 9 || total
---------------------------+-------+-------+-------++-------
  Melee: Unarmed           |    23 |       |       ||    23
         Kick              |     3 |       |       ||     3
         Spear             |     2 |    46 |    34 ||    82
         Tailslap          |     2 |     9 |    19 ||    30
         Touch             |       |       |    19 ||    19
         Flail             |       |       |    42 ||    42
   Cast: Necrotise         |    58 |    98 |    65 ||   221
         Vampiric Draining |       |    17 |    85 ||   102
         Dispel Undead     |       |       |     3 ||     3
         Animate Dead      |       |       |     1 ||     1
    Use: Potion            |       |       |     1 ||     1
   Stab: Sleeping          |       |       |     1 ||     1
 Armour: Robe              |    33 |    40 |    49 ||   122
         Leather armour    |       |       |    43 ||    43
  Dodge: Dodged            |    43 |    50 |   127 ||   220
